Map: Congelamento ER

Players

TheZergLord - Winner!

  • Race: Zerg Zerg
  • League: Master
  • Spawn Location: 5:00

Swat

  • Race: Terran Terran
  • Spawn Location: 1:00

VOD

Have the link to the VOD?

Description

Time

  • Played on: May 24, 2016, 2:22 p.m.
  • Length: 9:24
Show
View Real Time Build Order
Export as new Build Order

TheZergLord Zerg - Winner!

Build Orders: Hatch First, Muta Ling Bane 

Get SALT Encoding   

  12  0:01  Drone  
  13  0:13  Overlord  
  13  0:17  Drone  
  14  0:31  Drone  
  14  0:32  Drone  
  14  0:35  Drone  
  17  0:53  Hatchery  
  17  0:56  Drone  
  17  1:09  Spawning Pool  
  16  1:12  Drone  
  16  1:14  Extractor  
  16  1:18  Drone  
  17  1:23  Drone  
  18  1:30  Drone  
  19  1:41  Overlord  
  19  1:57  Queen  
  19  1:58  Zergling x2  
  22  2:03  Zergling x2  
  22  2:05  Queen, Zergling x2  
  26  2:12  Drone  
  27  2:15  Metabolic Boost  
  27  2:20  Drone  
  28  2:24  Drone  
  28  2:28  Drone  
  30  2:38  Drone x2  
  32  2:49  Hatchery  
  31  2:53  Queen  
  33  2:58  Overlord  
  33  3:02  Drone  
  33  3:05  Drone x2  
  36  3:21  Drone  
  36  3:22  Drone  
  36  3:24  Drone  
  36  3:25  Overlord  
  36  3:26  Drone x4  
  43  3:39  Overlord  
  43  3:44  Queen x2, Drone x2  
  49  3:48  Overlord  
  49  3:50  Drone  
  49  3:53  Drone  
  49  3:54  Drone  
  52  3:58  Drone x3  
  55  4:03  Queen  
  57  4:12  Overlord  
  57  4:14  Drone x3  
  57  4:15  Drone  
  61  4:18  Drone x2  
  63  4:24  Lair  
  63  4:27  Queen  
  65  4:41  Overlord  
  65  4:42  Drone x6  
  65  4:43  Drone x3  
  74  4:48  Extractor  
  74  4:50  Extractor  
  74  4:51  Drone x2  
  74  4:53  Overlord x2  
  74  4:59  Overlord  
  74  5:01  Zergling x8  
  78  5:07  Overlord x2  
  78  5:10  Drone  
  78  5:11  Drone  
  78  5:12  Evolution Chamber  
  78  5:13  Baneling Nest  
  78  5:15  Zergling x6  
  78  5:19  Zergling x4  
  78  5:20  Zergling x6  
  86  5:33  Zergling x6  
  86  5:34  Zergling x4  
  91  5:39  Drone  
  92  5:45  Zerg Ground Armor Level 1  
  92  5:49  Zergling x8  
  97  5:50  Zergling x14  
  97  5:55  Hatchery  
  97  5:56  Centrifical Hooks  
  102  6:10  Drone x6  
  107  6:18  Extractor  
  106  6:19  Spire  
  106  6:20  Extractor  
  106  6:22  Extractor  
  103  6:26  Overlord  
  103  6:27  Drone x2  
  103  6:28  Drone  
  104  6:49  Drone x2  
  104  6:50  Drone x2  
  108  6:55  Drone  
  108  6:57  Evolution Chamber  
  108  7:05  Zergling x6  
  108  7:06  Zergling x20  
  121  7:12  Queen  
  121  7:17  Drone  
  121  7:22  Hatchery  
  121  7:27  Drone x4  
  125  7:30  Mutalisk x4, Zerg Melee Weapons Level 1  
  125  7:31  Mutalisk  
  125  7:32  Overseer  
  125  7:33  Pneumatized Carapace  
  125  7:34  Overlord x3  
  135  7:38  Infestation Pit, Baneling x6  
  135  7:39  Baneling x2  
  134  7:44  Overlord x3  
  134  7:54  Drone x3  
  134  7:55  Drone, Zergling x2  
  134  7:56  Zergling x14  
  146  7:59  Drone x3  
  146  8:00  Drone x2  
  146  8:02  Mutalisk, Extractor  
  146  8:04  Extractor  
  151  8:06  Mutalisk  
  153  8:18  Zergling x2  
  153  8:19  Zergling x12  
  160  8:23  Baneling  
  160  8:24  Baneling x11  
  160  8:25  Baneling  
  160  8:30  Zergling x2  
  160  8:31  Zergling x16  
  169  8:36  Zergling x6  
  171  8:45  Zergling x2  
  171  8:46  Zergling x14  
  176  8:51  Drone x2  
Show
View Real Time Build Order
Export as new Build Order

Swat Terran 

Build Orders: Reaper Expand, MMM Bio 

Get SALT Encoding   

  12  0:01  SCV  
  13  0:13  SCV  
  14  0:17  Supply Depot  
  14  0:25  SCV  
  15  0:39  SCV  
  15  0:41  Barracks  
  16  0:46  Refinery  
  16  0:51  SCV  
  17  1:03  SCV  
  18  1:15  SCV  
  19  1:27  Orbital Command  
  19  1:28  Reaper  
  20  1:46  Command Center  
  20  1:57  SCV  
  20  2:00  Supply Depot  
  21  2:04  Marine  
  22  2:09  SCV  
  23  2:18  Factory  
  23  2:22  SCV  
  24  2:29  Refinery  
  24  2:30  Barracks Reactor  
  24  2:36  SCV  
  25  2:51  SCV  
  26  2:58  Barracks  
  26  3:07  Starport  
  26  3:11  Factory Reactor  
  26  3:16  SCV  
  26  3:17  Orbital Command  
  27  3:21  Marine x2  
  29  3:28  SCV  
  30  3:40  SCV, Marine  
  30  3:41  Marine  
  33  3:52  Barracks Tech Lab  
  33  3:53  SCV x2  
  33  3:55  Factory Tech Lab  
  35  4:00  Marine x2  
  35  4:01  Bunker  
  37  4:05  SCV x2  
  37  4:08  Medivac  
  37  4:09  Command Center  
  41  4:11  Medivac  
  41  4:13  Marine  
  44  4:20  Supply Depot  
  44  4:21  SCV x2  
  46  4:25  Supply Depot  
  46  4:42  Marine x3  
  46  4:44  SCV, Siege Tank  
  46  4:45  SCV  
  54  4:47  Supply Depot  
  54  4:56  Stimpack, SCV, Engineering Bay  
  54  4:57  SCV  
  56  5:00  Marine x2  
  56  5:06  Barracks  
  58  5:07  Marine  
  58  5:09  SCV x2  
  61  5:18  Marine  
  61  5:19  Liberator  
  61  5:21  SCV x2  
  64  5:24  Orbital Command  
  64  5:27  Supply Depot  
  64  5:31  Refinery, Marine, Terran Infantry Weapons Level 1  
  64  5:32  Marine  
  64  5:33  SCV x2, Refinery  
  71  5:45  Barracks, Factory Reactor  
  71  5:47  Marine  
  71  5:49  Marine  
  73  5:50  Marine  
  74  5:59  Barracks Reactor  
  74  6:00  SCV x2  
  76  6:04  Marine  
  76  6:07  Marine  
  76  6:08  Marine  
  79  6:21  Widow Mine x2  
  79  6:22  Marine  
  79  6:24  Marine  
  85  6:25  Marine  
  85  6:27  SCV x2  
  85  6:29  SCV  
  81  6:53  Marine x4  
  81  6:54  Marine x2, Widow Mine x2  
  86  6:56  Medivac  
  93  7:01  Supply Depot  
  93  7:03  Supply Depot  
  93  7:06  Supply Depot  
  93  7:08  Liberator  
  93  7:09  Supply Depot  
  93  7:14  SCV  
  93  7:16  SCV x2, Marine  
  93  7:17  Medivac  
  93  7:19  Marine x2  
  93  7:22  Marine x3  
  93  7:25  Terran Infantry Armor Level 1  
  93  7:26  Engineering Bay  
  93  7:27  SCV  
  93  7:28  SCV x2  
  102  7:30  Barracks, Armory  
  102  7:34  Marine  
  103  7:37  Marine x2  
  103  7:39  SCV  
  103  7:40  SCV  
  103  7:42  Marine x3  
  103  7:43  Combat Shields  
  110  7:44  Widow Mine x2, Concussive Shells  
  110  7:47  Medivac  
  116  7:52  Marine  
  116  7:55  Liberator, Marine x2  
  119  8:00  Marine x3  
  119  8:05  SCV x3  
  124  8:12  Marine x2, Supply Depot  
  119  8:13  Marine, Supply Depot  
  119  8:17  SCV  
  119  8:18  Marine x2  
  125  8:23  Missile Turret  
  125  8:33  SCV x2, Marine x4  
  131  8:35  Barracks Reactor, Marine  
  131  8:36  Marine  
  128  8:51  Marine x4  
  128  8:53  Marine  
  128  8:54  Marine, Supply Depot  
  134  9:00  Refinery  
Tags
 
Add a new tag
Caveats
  • Supply blocks, unpowered buildings, or Contaminate may cause inaccurate times.
  • Supply counts are checked every 10 seconds.